AoeStats
← RustyShackleford

Arabia

505159024Analyzed
1v1 RM · 25d ago on Sep 8, 2026· 51m 25s· 2 players
Game mode
Random Map
Map size
Tiny (2 player)
Population
200
Speed
Normal
Resources
Standard
Victory
Conquest
Starting age
Dark Age
Ending age
Imperial Age
RankedLock teamsTeams togetherTeam positionsShared explorationLock speedFull tech treeHidden civsTurbo modeCheats
Victory
Defeat
🇺🇸 Mongols · United States
765
+15
🇧🇴 Ethiopians · Bolivia
754
-20
Bongo
5:22 Loom
11:25 Feudal Age
13:54 Horse Collar
14:01 Double-Bit Axe
16:54 Wheelbarrow
22:07 Castle Age
20:39 Gold Mining
24:41 Heavy Plow
26:42 Bow Saw
26:44 Husbandry
28:54 Royal Heirs
29:35 Scale Barding Armor
29:47 Town Watch
31:35 Ballistics
32:05 Fletching
32:16 Padded Archer Armor
32:34 Elite Skirmisher
33:54 Bodkin Arrow
34:36 Leather Archer Armor
36:09 Gold Shaft Mining
39:11 Imperial Age
38:28 Hand Cart
38:14 Town Patrol
39:56 Stone Mining
41:00 Bracer
41:31 Ring Archer Armor
41:57 Heavy Camel Rider
43:46 Stone Shaft Mining
43:26 Siege Engineers
44:22 Chain Barding Armor
44:12 Forging
45:53 Murder Holes
46:39 Iron Casting
46:23 Herbal Medicine
48:26 Elite Shotel Warrior
49:10 Scale Mail Armor
RustyShackleford
9:53 Feudal Age
10:52 Double-Bit Axe
11:27 Loom
11:38 Horse Collar
11:55 Gold Mining
21:09 Castle Age
20:14 Wheelbarrow
23:00 Fletching
23:10 Padded Archer Armor
22:40 Crossbowman
24:52 Heavy Plow
26:58 Hand Cart
27:20 Bodkin Arrow
28:01 Bow Saw
28:31 Town Watch
29:26 Stone Mining
30:07 Thumb Ring
32:39 Stone Shaft Mining
32:43 Gold Shaft Mining
40:05 Imperial Age
37:47 Town Patrol
38:12 Ballistics
38:07 Bloodlines
37:58 Husbandry
37:22 Light Cavalry
40:24 Heavy Scorpion
40:40 Arbalester
41:18 Hussar
42:24 Conscription
42:59 Bracer
43:03 Padded Archer Armor
43:17 Forging
43:24 Scale Barding Armor
45:31 Hoardings
46:21 Iron Casting
46:02 Leather Archer Armor
48:55 Blast Furnace
51:58 Chain Barding Armor
Connection lost

Rejoining the realm…

Still unreachable

The connection could not be restored.

Session expired

The server has moved on; the page needs a fresh start.